 Dungeon Crawl Stone Soup version 0.20.1-1-g8b1a95d (webtiles) character file.

15 KoningWillie the Grasshopper (level 2, 0/25 HPs)
             Began as a Ghoul Warper on Oct 12, 2017.
             Slain by a goblin
             ... wielding a +0 club
              (3 damage)
             ... on level 1 of the Dungeon.
             The game lasted 00:02:11 (410 turns).

KoningWillie the Grasshopper (Ghoul Warper)          Turns: 410, Time: 00:02:12

Health: 0/25       AC:  3    Str: 14    XL:     2   Next: 50%
Magic:  2/4        EV: 11    Int:  8    God:
Gold:   14         SH:  0    Dex:  8    Spells: 1/5 levels left

rFire    . . .     SeeInvis .     - Unarmed
rCold    + . .     Gourm    .   (no shield)
rNeg     + + +     Faith    .   a - +0 leather armour
rPois    ∞         Spirit   .   (no helmet)
rElec    .         Reflect  .   (no cloak)
rCorr    .         Harm     .   (no gloves)
MR       .....                  (no boots)
Stlth    +.........             (no amulet)
Regen    0.0/turn               (no ring)
MPRegen  0.1/turn               (no ring)

@: very slightly contaminated, rotting
A: rotting body, claws 1, carnivore 3, cold resistance 1, negative energy
resistance 3, inhibited regeneration, torment resistance, unbreathing
a: no special abilities


You were on level 1 of the Dungeon.
You were not hungry.

You visited 1 branch of the dungeon, and saw 1 of its levels.

You collected 14 gold pieces.

Inventory:

Missiles
 d - a tomahawk of dispersal (quivered)
Armour
 a - a +0 leather armour (worn)
Jewellery
 g - a cursed -3 ring of strength {unknown}
Scrolls
 h - a scroll of enchant weapon {unknown}
Potions
 e - a potion of curing {unknown}
Books
 b - a book of Spatial Translocations

   Spells                             Type                      Level
   a - Blink                          Translocation                2
   b - Shroud of Golubria             Charms/Translocation         2
   c - Lesser Beckoning               Translocation                3
   d - Gell's Gravitas                Translocation                3
   e - Teleport Other                 Translocation                3
   f - Passage of Golubria            Translocation                4
Comestibles
 f - a meat ration


   Skills:
 * Level 2.4 Fighting
 + Level 0.8 Throwing
 + Level 1.0 Armour
 * Level 2.0 Dodging
 * Level 2.4 Unarmed Combat
 * Level 2.0 Spellcasting
 + Level 2.7 Translocations


You had one spell level left.
You knew the following spells:

 Your Spells              Type           Power        Failure   Level  Hunger
a - Blink                 Tloc           N/A          22%         2    ###....
b - Shroud of Golubria    Chrm/Tloc      #.........   36%         2    ###....


Dungeon Overview and Level Annotations

Branches:
Dungeon (1/15)

Altars:


Innate Abilities, Weirdness & Mutations

Your body is rotting away.
You thrive on raw meat.
You are immune to poison.
You have sharp fingernails.
You are carnivorous and can eat meat at any time.
Your flesh is cold resistant. (rC+)
You are immune to negative energy. (rN+++)
You do not regenerate when monsters are visible.
You are immune to unholy pain and torment.
You can survive without breathing.


Message History

Casting: Blink
Confirm with . or Enter, or press ? or * to list all spells.
You blink.
Throwing (i - inventory):
d - 4 tomahawks of dispersal (quivered)
Press: ? - help, Shift-Dir - straight line, f - goblin
Aim: a goblin, wielding a club You throw a tomahawk of dispersal.
The tomahawk of dispersal closely misses the goblin.
Throwing (i - inventory):
d - 3 tomahawks of dispersal (quivered)
Press: ? - help, Shift-Dir - straight line, f/p - goblin
Aim: a goblin, wielding a club You throw a tomahawk of dispersal.
The tomahawk of dispersal closely misses the goblin.
Throwing (i - inventory):
d - 2 tomahawks of dispersal (quivered)
Press: ? - help, Shift-Dir - straight line, f/p - goblin
Aim: a goblin, wielding a club You throw a tomahawk of dispersal.
The tomahawk of dispersal closely misses the goblin.
The goblin hits you with a club.
You die...

.....###### #....... ####...)..#
##....... ######.####
#####........
#....########............
####......#...###........
######..........#..##.
##.........#.###.
################.........#.# #.
#............g@..........#.# #.
#.#######.########'############ #
#.# #........# #...###...###..
.##.# #.....)).#. #.⌠.....⌠.....⌠
....###...........#...###...###..
.#................##### ##### ##.
...####........#..#...###...###..
#..# ##########..#.⌠.....⌠.....⌠
#..# .#...###...###..


You could see a goblin.

Vanquished Creatures
  3 leopard geckos (D:1)
  A giant cockroach (D:1)
  3 hobgoblins (D:1)
  A bat (D:1)
  2 frilled lizards (D:1)
  A goblin (D:1)
  A rat (D:1)
12 creatures vanquished.

Notes
Turn   | Place    | Note
-------+----------+-------------------------------------------
     0 | D:1      | KoningWillie the Ghoul Warper began the quest for the Orb.
     0 | D:1      | Reached XP level 1. HP: 17/17 MP: 2/2
    50 | D:1      | Reached skill level 1 in Armour
    88 | D:1      | Reached XP level 2. HP: 23/25 MP: 3/3
   296 | D:1      | Learned a level 2 spell: Blink
   299 | D:1      | Learned a level 2 spell: Shroud of Golubria
   410 | D:1      | Slain by a goblin

Skill      XL: |  1  2 |
---------------+-------+-----
Armour         | 1 |  1.0
Spellcasting   | 2 |  2.0
Dodging        | 2 |  2.0
Fighting       | |  2.4
Throwing       | |  0.8
Unarmed Combat | |  2.4
Translocations | |  2.7

Action                   || total
-------------------------++-------
Melee: Unarmed           ||    38
Throw: Tomahawk          ||     4
 Cast: Blink             ||     2
  Use: Scroll            ||     1
  Eat: Chunk             ||     6
Armor: Leather armour    ||     6
Dodge: Dodged            ||    16
